← All builds
Suicide front / Armada / Factory first / OBSERVED BUILD

Standard suicide front

Armada Suicide front build order · Supreme Isthmus

The role's baseline: Bot Lab at 0:21 then straight into reclaim-fed T1 bot production to contest the middle and hold until T2 arrives, with an Advanced Metal Extractor around 9:45.

#rush · 2043 distinct matches · 235 players · 72% of Armada Suicide front games · team won 59% of 2421 · Recently observed

HOW TO PLAY IT

Key timing: Bot Lab by 0:20

  1. Open with mex and lab-first to get Bot Lab up by 0:20.
  2. Expand mex and wind while lab pumps units toward middle.
  3. Push Sentry and early Rocketeer, Centurion to contest middle.
  4. Get T2 constructor out once Pond's boost lets you spare metal.
  5. Upgrade mex to Advanced Metal Extractor as you transition off T1 spam.

Phase by phase

TYPICAL OF ITS 2043 GAMES
  1. 1
  2. 2
  3. 3
PLAY THE OPENING

Follow the example game's first 6:00 step by step: what to build now, what comes next, and where it goes. At 1× it keeps pace with your own game.

  1. 1

    Bot Lab first

    Order
    1. Bot LabBot Lab done ~0:25, middle half 0:20–0:33

    Some games also: mex (44%)

  2. 2

    Bot Lab to 5:00

    Economy
    • Metal Extractor5Mex
    • Wind Turbine4Wind
    Builders
    • Construction Bot3 Con bot
    • Lazarus2 Lazarus
    Army
    • Sentry4 Sentry
    • Rocketeer16 Rocketeer
    • Tick2 Tick
    • Centurion1 Centurion
    Other
    • Radar Tower1 Radar Tower

    Some games also: pawn (37%) · con turret (34%)

    By 5:00 in all: 5 mex · 4 wind

    The example game in this phase · 48 steps
    1. Wind
    2. TickTick ×2
    3. LazarusLazarus
    4. Wind
    5. Construction BotCon bot
    6. Mex
    7. Construction BotCon bot
    8. Mex
    9. CenturionCenturion
    10. Mex
    11. LazarusLazarus
    12. SentrySentry
    13. Construction BotCon bot
    14. Mex ×2
    15. RocketeerRocketeer
    16. TickTick
    17. RocketeerRocketeer
    18. RoverScout
    19. SentrySentry
    20. Wind
    21. RocketeerRocketeer
    22. SentrySentry
    23. RocketeerRocketeer
    24. Wind
    25. RocketeerRocketeer
    26. BeamerBeamer
    27. LazarusLazarus
    28. Wind
    29. RocketeerRocketeer
    30. BeamerBeamer
    31. RocketeerRocketeer
    32. Wind
    33. OverwatchOverwatch
    34. RocketeerRocketeer
    35. Con turret
    36. RocketeerRocketeer
    37. Dragon's TeethDragon's Teeth ×2
    38. RocketeerRocketeer
    39. Dragon's TeethDragon's Teeth ×5
    40. LazarusLazarus
    41. Dragon's TeethDragon's Teeth ×5
    42. RocketeerRocketeer
    43. Dragon's TeethDragon's Teeth
    44. Radar TowerRadar Tower
    45. GauntletGauntletnot finished by 15:00
    46. RocketeerRocketeer ×2
    47. Con turret
    48. LazarusLazarus
  3. 3

    5:00 to 10:00

    Economy
    • Metal Extractor1Mex
    • Wind Turbine15Wind
    Builders
    • Construction Turret2 Con turret
    • Lazarus2 Lazarus
    • Construction Bot1 Con bot
    Army
    • Sentry1 Sentry
    • Rocketeer8 Rocketeer

    Some games also: pawn (49%) · Radar Tower (46%) · tick (45%) · centurion (44%) · energy storage (42%) · eat Bot Lab (31%)

    By 10:00 in all: 6 mex · 21 wind · 1 energy storage · 2 con turret

    The example game in this phase · 313 steps
    1. PawnPawn
    2. Wind
    3. TickTick
    4. Wind
    5. PawnPawn
    6. Mex
    7. TickTick
    8. PawnPawn
    9. Wind ×2
    10. TickTick
    11. Wind
    12. Con turret
    13. Radar TowerRadar Tower
    14. Con turret
    15. PawnPawn
    16. Wind ×12
    17. PawnPawn
    18. Wind
    19. Advanced Metal ExtractorT2 mexdone 7:24 · typical 9:46
    20. TickTick
    21. Wind
    22. TickTick
    23. Advanced Metal ExtractorT2 mex
    24. Wind
    25. PawnPawn
    26. Advanced Metal ExtractorT2 mex
    27. Energy storage
    28. TickTick
    29. Wind
    30. PawnPawn
    31. Wind
    32. LazarusLazarus
    33. Wind ×5
    34. TickTick
    35. Wind ×2
    36. TickTick ×2
    37. Wind ×3
    38. Construction BotCon bot
    39. Wind ×2
    40. Advanced Metal ExtractorT2 mex
    41. Construction BotCon bot
    42. Wind ×2
    43. TickTick ×2
    44. Converter
    45. Wind
    46. Con turret
    47. Converter
    48. Wind ×2
    49. Converter
    50. Advanced Metal ExtractorT2 mex
    51. Wind
    52. Converter
    53. Con turret
    54. Wind ×2
    55. Converter
    56. Wind
    57. BeamerBeamer
    58. Converter
    59. Wind
    60. Con turret
    61. Wind
    62. Converter
    63. TickTick
    64. Wind
    65. Converter
    66. Construction BotCon bot
    67. Con turret
    68. Converter
    69. Construction BotCon bot
    70. Converter
    71. Con turret
    72. Converter ×3
    73. Wind
    74. Con turret
    75. RattlesnakeRattlesnakedone 11:02
    76. Dragon's TeethDragon's Teeth
    77. Converter
    78. Dragon's TeethDragon's Teeth
    79. Con turret
    80. Converter
    81. TickTick
    82. Dragon's TeethDragon's Teeth
    83. Wind
    84. Dragon's TeethDragon's Teeth ×2
    85. Converter
    86. Wind ×2
    87. TickTick
    88. Wind ×2
    89. Con turret
    90. Wind
    91. Construction BotCon bot
    92. Wind ×4
    93. Con turret
    94. Construction BotCon bot
    95. Wind
    96. Con turret
    97. Wind ×5
    98. TickTick
    99. Wind ×7
    100. Vehicle PlantVehicle Plantdone 11:48
    101. Wind
    102. Con turret ×2
    103. Wind ×3
    104. RoverScout
    105. Wind ×3
    106. RoverScout
    107. Wind
    108. RoverScout
    109. TickTick
    110. Wind
    111. RoverScout
    112. Wind ×3
    113. RoverScout
    114. Wind ×2
    115. TickTick
    116. RoverScout
    117. Wind ×3
    118. RoverScout
    119. TickTick
    120. Wind ×2
    121. RoverScout
    122. TickTick
    123. Wind
    124. Con turret ×2
    125. Wind ×2
    126. RoverScout
    127. Wind ×2
    128. RoverScout
    129. Wind
    130. TickTick
    131. Wind
    132. RoverScout
    133. Wind ×2
    134. RoverScout
    135. Wind ×2
    136. Con turret
    137. Wind
    138. RoverScout
    139. TickTick
    140. Wind
    141. RoverScout
    142. Wind ×2
    143. TickTick
    144. RoverScout
    145. Wind ×2
    146. RoverScout
    147. TickTick
    148. Advanced Metal ExtractorT2 mex
    149. Wind
    150. RoverScout
    151. Wind
    152. TickTick
    153. Converter
    154. Con turret
    155. Wind
    156. RoverScout
    157. Energy storage
    158. Converter
    159. RoverScout
    160. Wind ×3
    161. Converter
    162. Wind
    163. RoverScout
    164. Con turret
    165. Converter
    166. Mex
    167. TickTick
    168. Wind
    169. RoverScout
    170. Wind ×2
    171. Converter
    172. Wind
    173. RoverScout
    174. Wind
    175. Converter
    176. RoverScout
    177. Wind ×3
    178. TickTick
    179. Wind
    180. RoverScout
    181. Wind
    182. TickTick
    183. Converter
    184. RoverScout
    185. Wind
    186. TickTick
    187. Wind
    188. Converter
    189. Wind
    190. RoverScout
    191. TickTick
    192. Wind
    193. TickTick
    194. RoverScout
    195. Wind
    196. Converter ×2
    197. TickTick
    198. RoverScout
    199. Wind ×2
    200. Construction BotCon bot
    201. Wind
    202. RoverScout
    203. Wind
    204. RoverScout
    205. Converter
    206. Wind
    207. RoverScout
    208. Wind
    209. Converter
    210. Construction BotCon bot
    211. RoverScout
    212. Wind
    213. Converter
    214. RoverScout
    215. Wind ×2
    216. RoverScout
    217. Converter
    218. RoverScout
    219. Construction BotCon bot
    220. PawnPawn
    221. Converter
    222. Wind ×2
    223. RoverScout
    224. BlitzBlitz
    225. PawnPawn
    226. Wind ×2
    227. BlitzBlitz
    228. Advanced Metal ExtractorT2 mex
    229. PawnPawn
    230. Wind
    231. Converter
    232. Wind
    233. BlitzBlitz
    234. Wind
    235. PawnPawn
    236. BlitzBlitz
    237. Wind
    238. Con turret
    239. BlitzBlitz
    240. Converter
    241. PawnPawn
    242. Con turret
    243. Wind
    244. BlitzBlitz
    245. PawnPawn
    246. BlitzBlitz
    247. Wind
    248. Converter
    249. Con turret
    250. PawnPawn
    251. BlitzBlitz
    252. Con turret
    253. Wind
    254. BlitzBlitz
    255. PawnPawn
    256. Converter
    257. BlitzBlitz
    258. PawnPawn
    259. Wind
    260. Con turret
    261. BlitzBlitz
    262. PawnPawn
    263. Converter
    264. Wind
    265. Con turret
    266. PawnPawn
    267. BlitzBlitz
    268. Wind
    269. Converter
    270. PawnPawn
    271. BlitzBlitz
    272. Vehicle PlantVehicle Plantdone 14:30
    273. Wind
    274. TickTick
    275. Converter
    276. BlitzBlitz
    277. PawnPawn
    278. TickTick
    279. Wind
    280. PawnPawn
    281. BlitzBlitz
    282. Wind
    283. Converter
    284. BlitzBlitz ×2
    285. PawnPawn
    286. Con turret
    287. Wind
    288. BlitzBlitz
    289. Wind
    290. BlitzBlitz
    291. Converter
    292. Wind
    293. BlitzBlitz
    294. Wind
    295. PawnPawn
    296. Converter
    297. Wind
    298. BlitzBlitz
    299. Wind
    300. BlitzBlitz ×2
    301. Wind ×2
    302. BlitzBlitz
    303. PawnPawn
    304. Wind
    305. BlitzBlitz
    306. Converter
    307. BlitzBlitz
    308. Wind ×2
    309. BlitzBlitz
    310. TickTick
    311. BlitzBlitz
    312. Wind
    313. BlitzBlitz

Counts are medians over the build's games: half of them build more, half fewer. The example game is [crd]sisa's (45 OS, 14/10/2026); pick another.

Team trades

IN AT LEAST 30% OF ITS GAMES

You hand over

Nothing regular.

You get

  • Tidal Generator4 Tidal from Pondfirst at 0:11 · in 68% of games
  • Advanced Construction Bot1 T2 con bot from Geo or Techfirst at 7:41 · in 57% of games

How it plays out

Typical game of this build, running totals by minute

Metal produced

010k20k
0:005:0010:0015:00

metal

Enemy metal destroyed

05k10k
0:005:0010:0015:00

metal

Own metal lost

05k10k
0:005:0010:0015:00

metal

2421 games.

Show as table
ByMetal produced: This buildEnemy metal destroyed: This buildOwn metal lost: This build
1:0023000
2:0088600
3:002007184130
4:003108642501
5:0041841348997
6:00534921851706
7:00653930602588
8:00775739393500
9:00903347044382
10:001040053145148
11:001188458575955
12:001357264066673
13:001539468757437
14:001729075038209
15:001925781168981
WHAT THE NUMBERS SAY

Standard Suicide front play wins a bit over half its games while taking the heaviest own losses of any role by 15:00.

  • + Produces 20142 metal by 15:00, highest of the front roles.
  • + First kill by 2:01 in all games, fastest contest of middle.
  • − Own metal lost hits 9178 by 15:00, more than enemy metal destroyed.
  • − Only 34% Rocketeer share shows army spread thin across many bot types.
THE EXAMPLE YOU ARE READING

[crd]sisa

44.8 OS · 14/10/2026

Open source match ↗

7 received units · includes a constructor
29 metal received · 21463 energy received

Allied construction assistance is unknown. Timings are observations, not a promise of solo reproducibility.

Typical milestones

Bot Lab0:25Middle 50%: 0:20–0:33 · n=2413
Advanced Metal Extractor9:46Middle 50%: 8:50–10:59 · n=1749

Played most by

_X_264games of this buildPlatinumBlonde188games of this buildXad165games of this buildTrapCaT109games of this buildImmort80games of this build